 Dungeon Crawl Stone Soup version 0.31-a0-345-g1ebeae05c6 (webtiles) character file.

Game seed: 11497384062814122035

582 drugrobin the Cudgeller (level 6, -5/51 HPs)
             Began as a Demigod Delver on July 22, 2023.
             Killed by divine providence
             ... invoked by an orc priest
              (16 damage)
             ... on level 5 of the Dungeon.
             The game lasted 00:14:39 (5663 turns).

drugrobin the Cudgeller (Demigod Delver)            Turns: 5663, Time: 00:14:40

Health: -5/51      AC:  7    Str: 17    XL:     6   Next: 90%
Magic:  8/8        EV: 10    Int: 16    God:
Gold:   200        SH:  0    Dex: 19    Spells: 5/5 levels left

rFire   . . .        b - +1 sling "Ylibu" {freeze, Int+4}
rCold   . . .        (no shield)
rNeg    + . .        l - +0 scale mail
rPois   .            A - +1 hat
rElec   .            z - scarf {harm}
rCorr   .            (no gloves)
SInv    .            (no boots)
Will    .....        (no amulet)
Stlth   ++           w - ring of positive energy
HPRegen 0.28/turn    (no ring)
MPRegen 0.11/turn

%: harm (+30% outgoing, +20% incoming)
@: no status effects
A: high MP 1, forlorn, divine attributes
a: no special abilities


You were on level 5 of the Dungeon.
You visited 1 branch of the dungeon, and saw 5 of its levels.

You collected 200 gold pieces.

Inventory:

Hand Weapons
 a - a +0 flail of holy wrath
 b - the +1 sling "Ylibu" (weapon) {freeze, Int+4}
   (You found it on level 4 of the Dungeon)

   Int:       It affects your intelligence (+4).
 c - the +0 sling "Suig" {flame, rCorr Str+3}
   (You found it on level 3 of the Dungeon)

   Str:       It affects your strength (+3).
   rCorr:     It protects you from acid and corrosion.
 d - a +0 whip
 t - a +0 mace
Missiles
 s - 11 poisoned darts
Armour
 l - a +0 scale mail (worn)
 z - a scarf of harm (worn)
 A - a +1 hat (worn)
Jewellery
 w - a ring of positive energy (left hand)
Talismans
 i - a beast talisman
Wands
 g - a wand of digging (3)
 y - a wand of mindburst (13)
Scrolls
 e - a scroll of enchant armour
 h - 2 scrolls of teleportation
 m - a scroll of silence
 o - a scroll of blinking
 u - a scroll of fog
Potions
 f - a potion of haste
 j - 2 potions of degeneration {unknown}
 k - a potion of mutation {unknown}
 n - a potion of enlightenment {unknown}
 p - 3 potions of berserk rage
 q - 2 potions of heal wounds
 r - 2 potions of curing
 v - a potion of attraction {unknown}
 x - a potion of magic {unknown}


   Skills:
 + Level 3.4 Fighting
 * Level 6.9 Maces & Flails
 - Level 1.7 Dodging
 - Level 4.5 Stealth


You had 5 spell levels left.
You didn't know any spells.
Your spell library contained the following spells:

 Spells                   Type           Power      Damage    Failure   Level
 Sting                    Tmut/Pois      0%         1d3       67%         1
 Ensorcelled Hibernation  Hex/Ice        0%         N/A       80%         2
 Passwall                 Tmut/Erth      0%         N/A       80%         2
 Poisonous Vapours        Pois/Air       0%         N/A       80%         2
 Swiftness                Air            0%         N/A       95%         3
 Olgreb's Toxic Radiance  Pois           0%         N/A       100%        4


Dungeon Overview and Level Annotations

Branches:
Dungeon (5/15)
 Temple: D:4-7

Portals:
Abyss: D:3

Annotations:
D:2 Sigmund
D:3 2 transporters, exclusion: downstairs, promet's ghost, amateur OpHW


Innate Abilities, Weirdness & Mutations

You have an increased reservoir of magic. (+10% MP)
You shall have no god before yourself.
Your divine heritage dramatically boosts your attributes as you level up.


Message History

You shoot a sling bullet. The sling bullet hits the orc priest!
The sling bullet freezes the orc priest.
The orc priest is almost dead.
The orc priest mumbles some strange prayers to Beogh against you.
Beogh smites you!
Unknown command.
Unknown command.
Unknown command.
Unknown command.
Fire: b) +1 sling "Ylibu" {freeze, Int+4}
Press: ? - help, Q - select action, (/) - cycle Shift-Dir - straight line, f/p - orc priest
Aim: an orc priest, wielding a +0 whip (almost dead, 60% to hit)
Okay, then.
The orc wizard gestures at you while chanting.
You are confused.
You bump into the rock wall.
You bump into the rock wall.
The orc priest mumbles some strange prayers to Beogh against you.
Beogh smites you!
You bump into the rock wall.
An orc priest comes into view. It is wielding a +3 dagger.
Unknown command.
The orc priest shouts!
An orc comes into view. It is wielding a +0 club.
Unknown command.
Unknown command.
Unknown command.
You're too confused to move!
You feel less confused.
The orc shouts!
The orc priest mumbles some strange prayers to Beogh against you.
Beogh smites you!
* * * LOW HITPOINT WARNING * * *
The orc wizard barely misses you.
Unknown command.
Unknown command.
Unknown command.
The orc priest calls down the wrath of Beogh upon you.
Beogh smites you!
You die...

#.#.########### #...##...
#.#[########### #...##...
#.#.########### #...##...
#.#.#################...##...
#.#.####...........##...##...
#.#.###............''...''.l.
#####.#.###...........$##...##...
......#.###.#############...#####
#######>........@.## *#...#****
#################o.# #....W.,,*
...###############.### #.o.oo..,*
##'###############.oo###........*
..........###......o.o....o.....*
..........###................,,,,
..........###..............##*,,,
..........# ##############.#**,,,
..........# *,.#*,,,


You could see 2 orc priests, an orc wizard and 2 orcs.

Vanquished Creatures
  An ice beast (D:5)
  An ogre (D:4)
  A black bear (D:5)
  A kobold brigand (D:4)
  A gnoll bouda (D:4)
  2 sleepcaps (D:4)
  An iguana (D:4)
  4 gnolls
  3 worms
  3 dart slugs
  3 orcs
  4 ball pythons
  13 endoplasms
  5 giant cockroaches
  11 hobgoblins
  A quokka (D:1)
  7 bats
  2 frilled lizards
  10 goblins
  11 kobolds
  4 rats
89 creatures vanquished.

Notes
Turn   | Place    | Note
-------+----------+-------------------------------------------
     0 | D:5      | drugrobin the Demigod Delver began the quest for the Orb.
     0 | D:5      | Reached XP level 1. HP: 18/18 MP: 3/3
     1 | D:5      | Noticed an ice beast
    18 | D:5      | Noticed a black bear
    80 | D:5      | Reached skill level 2 in Maces & Flails
    95 | D:5      | Noticed a phantom
   100 | D:5      | Noticed an iguana
   117 | D:5      | Noticed an orc wizard
   132 | D:5      | Noticed an orc priest
   134 | D:5      | Noticed an orc wizard
   263 | D:4      | Noticed a sleepcap
   337 | D:4      | Reached XP level 2. HP: 23/25 MP: 4/4
   531 | D:4      | Noticed an ogre
   531 | D:4      | Noticed an ogre
   773 | D:1      | Reached skill level 3 in Maces & Flails
   955 | D:1      | Reached XP level 3. HP: 22/30 MP: 5/5
  1592 | D:2      | Noticed Sigmund
  1943 | D:2      | Reached skill level 4 in Maces & Flails
  2267 | D:3      | Reached XP level 4. HP: 37/37 MP: 6/6
  2305 | D:3      | Found a one-way gate to the infinite horrors of the Abyss.
  2305 | D:3      | Noticed promet's ghost (amateur OpHW)
  2307 | D:3      | Noticed a small abomination
  2311 | D:3      | Found a transporter.
  2320 | D:3      | Found a transporter.
  2778 | D:3      | Identified the +0 sling "Suig" {flame, rCorr Str+3}
  3603 | D:4      | Identified the +1 sling "Ylibu" {freeze, Int+4}
  3679 | D:4      | Reached skill level 5 in Maces & Flails
  3825 | D:4      | Noticed a kobold brigand
  3878 | D:4      | HP: 1/37 [kobold brigand/+0 club (5)]
  3879 | D:4      | Killed a kobold brigand
  3880 | D:4      | Reached XP level 5. HP: 1/42 MP: 7/7
  4561 | D:4      | Killed an ogre
  4562 | D:4      | Reached skill level 6 in Maces & Flails
  4562 | D:4      | Reached XP level 6. HP: 50/50 MP: 8/8
  5663 | D:5      | Killed from afar by an orc priest

Illustrated notes

Levels and vault maps discovered:
D:1:      shiori_arrival_oz, layout_loops_cross, minmay_tree_intersection
D:2:      layout_loops_corners, serial_forest, infiniplex_forest_clump_curved,
          infiniplex_forest_lined_3, infiniplex_forest_clump_C,
          infiniplex_forest_lined_room_, infiniplex_forest_lined_4_way,
          infiniplex_forest_lined_4_way, infiniplex_forest_clump_double,
          minmay_strange_pillars, grunt_ministairs_11, serial_bayou_crossing,
          uniq_sigmund
D:3:      layout_loops_ring, gammafunk_ghost_abyssal_escape,
          ebering_ecumenical_altar_hall, eino_curves_02, grunt_decor_resistance
D:4:      cheibrodos_thug_alley, layout_basic, hellmonk_no_cap
D:5:      layout_basic, palyth_stone_intersect, grunt_ministairs_6,
          small_statue_intersection

Skill      XL: |  1  2  3  4  5  6 |
---------------+-------------------+-----
Maces & Flails | 2 3 4 5 6 |  6.9
Fighting       | 3 |  3.4
Dodging        | |  1.7
Stealth        | |  4.5

Action                     |  1- 3 |  4- 6 || total
---------------------------+-------+-------++-------
  Melee: Mace              |    68 |    12 ||    80
         Punch             |     4 |     2 ||     6
         Whip              |   132 |    22 ||   154
         Flail             |       |    60 ||    60
   Fire: Sling             |       |    69 ||    69
  Throw: Dart              |       |     3 ||     3
  Evoke: Wand              |       |     5 ||     5
    Use: Scroll            |     7 |     3 ||    10
         Potion            |     1 |       ||     1
   Stab: Sleeping          |    12 |       ||    12
 Armour: Leather armour    |    23 |       ||    23
         Scale mail        |    40 |    42 ||    82
  Dodge: Dodged            |    94 |    56 ||   150

Table legend: (Time is in decaauts)
 A = Elapsed time spent in this place.
 B = Non-inter-level travel time spent in this place.
 C = Inter-level travel time spent in this place.
 D = Time resting spent in this place.
 E = Time spent auto-exploring this place.
 F = Levels seen in this place.
 G = Mean time per level.
                   A        B        C        D        E       F      G
               +--------+--------+--------+--------+--------+-----+--------+
         Total |   5702 |   5314 |    388 |    765 |   2835 |   5 | 1140.4 |
       Dungeon |   5702 |   5314 |    388 |    765 |   2835 |   5 | 1140.4 |
               +--------+--------+--------+--------+--------+-----+--------+

Top non-repeatable levels by time:
     D:4: 1989 daAuts
     D:2: 1290 daAuts
     D:1: 987 daAuts
     D:3: 916 daAuts
     D:5: 517 daAuts
